IL
NORFOLK TIDES @ LOUISVILLE BATS
06/18/2098
 
TOP OF THE 1ST
Norfolk Tides batting - Pitching for Louisville Bats : LHP Justin Moye
Pitching: LHP Justin Moye
Batting: RHB Dale Norvell 0-0: Swinging Strike
0-1: Foul Ball, location: 25FF
0-2: Ball
1-2: SINGLE (Flyball, 7S, EV 83.8 MPH)
Batting: RHB Aaron Rego 0-0: Ball
1-0: Ball
2-0: Grounds into double play, 5-4-3 (Groundball, 15, EV 82.5 MPH)
Batting: LHB Kevin Traynham 0-0: Called Strike
0-1: Swinging Strike
0-2: Foul Ball, location: 25FF
0-2: Foul Ball, location: 23F
0-2: Ball
1-2: Foul Ball, location: 2F
1-2: Foul Ball, location: 7LDF
1-2: Strikes out swinging
Top of the 1st over - 0 runs, 1 hit, 0 errors, 0 left on base; Norfolk 0 - Louisville 0
BOTTOM OF THE 1ST
Louisville Bats batting - Pitching for Norfolk Tides : RHP Aaron Hayhurst
Pitching: RHP Aaron Hayhurst
Batting: LHB Juan Ortega 0-0: Foul Ball, location: 7LMF
0-1: Called Strike
0-2: SINGLE (Line Drive, 9S, EV 106.3 MPH)
Batting: RHB Josh Bowers 0-0: Ball
1-0: Ball
2-0: Ball
3-0: Called Strike
3-1: Base on Balls
Juan Ortega to second
Batting: LHB John Small 0-0: Called Strike
0-1: Ball
1-1: Ball
2-1: Called Strike
2-2: Strikes out swinging
Batting: RHB Josh Simms 0-0: Called Strike
0-1: 3-RUN HOME RUN (Flyball, 78XD, EV 98.1 MPH), Distance : 389 ft
Batting: LHB Jonathan Phillips 0-0: Ball
1-0: Swinging Strike
1-1: Ground out U3 (Groundball, 3S, EV 81.9 MPH)
Batting: RHB Walt McGraw 0-0: Swinging Strike
0-1: Foul Ball, location: 7LDF
0-2: Ball
1-2: Foul Ball, location: 2F
1-2: Ball
2-2: Strikes out swinging
Bottom of the 1st over - 3 runs, 2 hits, 0 errors, 0 left on base; Norfolk 0 - Louisville 3
TOP OF THE 2ND
Norfolk Tides batting - Pitching for Louisville Bats : LHP Justin Moye
Batting: RHB Tom Swierczewski 0-0: Ball
1-0: Ball
2-0: Ball
3-0: Called Strike
3-1: DOUBLE (Line Drive, 89D, EV 101.3 MPH)
Batting: RHB Eliezer Frias 0-0: Ball
1-0: Foul Ball, location: 9LSF
1-1: Called Strike
1-2: Strikes out looking
Batting: RHB Jose Sanchez 0-0: Called Strike
0-1: Foul Ball, location: 5DF
0-2: Ball
1-2: Strikes out swinging
Batting: RHB Pedro Jimenez 0-0: Ball
1-0: Ball
2-0: Ball
3-0: Ground out 1-3 (Groundball, 13S, EV 75.6 MPH)
Top of the 2nd over - 0 runs, 1 hit, 0 errors, 1 left on base; Norfolk 0 - Louisville 3
BOTTOM OF THE 2ND
Louisville Bats batting - Pitching for Norfolk Tides : RHP Aaron Hayhurst
Batting: RHB Archie Woodford 0-0: SINGLE (Groundball, 34D, EV 106.3 MPH)
Batting: RHB Ricky Correa 0-0: Ball
1-0: Called Strike
1-1: Swinging Strike
1-2: Ball
2-2: Strikes out looking
Batting: RHB Preston Phillips 0-0: Ball
1-0: Foul Ball, location: 5FF
1-1: Ball
2-1: Foul Ball, location: 9LDF
2-2: Fly out, F7 (Flyball, 78XD, EV 80.0 MPH)
Batting: LHB Juan Ortega 0-0: SINGLE (Groundball, 4MD, EV 102.5 MPH)
Archie Woodford to second
Batting: RHB Josh Bowers 0-0: Ball
1-0: Called Strike
1-1: Ball
2-1: Ball
3-1: Foul Ball, location: 5FF
3-2: SINGLE (Groundball, 4MD, EV 103.8 MPH)
Archie Woodford to third
Juan Ortega to second
Archie Woodford scores
Juan Ortega to third
Batting: LHB John Small 0-0: Fly out, F8 (Line Drive, 8RD, EV 90.6 MPH)
Bottom of the 2nd over - 1 run, 3 hits, 0 errors, 2 left on base; Norfolk 0 - Louisville 4
TOP OF THE 3RD
Norfolk Tides batting - Pitching for Louisville Bats : LHP Justin Moye
Batting: RHB Lloyd Hallamore 0-0: Called Strike
0-1: Ball
1-1: Fly out, F9 (Flyball, 89D, EV 91.9 MPH)
Batting: LHB Andres Lopez 0-0: Foul Ball, location: 2F
0-1: Foul Ball, location: 2F
0-2: Ball
1-2: Ball
2-2: Foul Ball, location: 7LDF
2-2: Ball
3-2: Fly out, F9 (Line Drive, 9D, EV 93.8 MPH)
Batting: RHB Dale Norvell 0-0: Called Strike
0-1: Ball
1-1: Fly out, F9 (Line Drive, 9, EV 91.9 MPH)
Top of the 3rd over - 0 runs, 0 hits, 0 errors, 0 left on base; Norfolk 0 - Louisville 4
BOTTOM OF THE 3RD
Louisville Bats batting - Pitching for Norfolk Tides : RHP Aaron Hayhurst
Batting: RHB Josh Simms 0-0: Called Strike
0-1: Ball
1-1: Ball
2-1: Foul Ball, location: 2F
2-2: Ball
3-2: Fly out, F7 (Flyball, 78D, EV 96.9 MPH)
Batting: LHB Jonathan Phillips 0-0: Foul Ball, location: 23FF
0-1: Swinging Strike
0-2: Strikes out looking
Batting: RHB Walt McGraw 0-0: Swinging Strike
0-1: Ball
1-1: Called Strike
1-2: Ground out 6-3 (Groundball, 6, EV 86.3 MPH)
Bottom of the 3rd over - 0 runs, 0 hits, 0 errors, 0 left on base; Norfolk 0 - Louisville 4
TOP OF THE 4TH
Norfolk Tides batting - Pitching for Louisville Bats : LHP Justin Moye
Batting: RHB Aaron Rego 0-0: Called Strike
0-1: Ball
1-1: Foul Ball, location: 2F
1-2: Ball
2-2: Strikes out swinging
Batting: LHB Kevin Traynham 0-0: Ball
1-0: Ball
2-0: Ball
3-0: Called Strike
3-1: Ground out 4-3 (Groundball, 4, EV 82.5 MPH)
Batting: RHB Tom Swierczewski 0-0: Ground out 5-3 (Groundball, 56, EV 80.0 MPH)
Top of the 4th over - 0 runs, 0 hits, 0 errors, 0 left on base; Norfolk 0 - Louisville 4
BOTTOM OF THE 4TH
Louisville Bats batting - Pitching for Norfolk Tides : RHP Aaron Hayhurst
Batting: RHB Archie Woodford 0-0: Ball
1-0: Called Strike
1-1: Foul Ball, location: 9LDF
1-2: Ball
2-2: Ball
3-2: Base on Balls
Batting: RHB Ricky Correa 0-0: Called Strike
0-1: Ball
1-1: Ball
2-1: Foul Ball, location: 3F
2-2: Strikes out swinging
Batting: RHB Preston Phillips 0-0: Swinging Strike
0-1: Foul Ball, location: 9LMF
0-2: Fly out, F8 (Flyball, 8RM, EV 84.4 MPH)
Batting: LHB Juan Ortega 0-0: Ball
1-0: Foul Ball, location: 2F
1-1: Ball
Wild Pitch!
Archie Woodford to second
2-1: Ground out 6-3 (Groundball, 4M, EV 79.4 MPH)
Bottom of the 4th over - 0 runs, 0 hits, 0 errors, 1 left on base; Norfolk 0 - Louisville 4
TOP OF THE 5TH
Norfolk Tides batting - Pitching for Louisville Bats : LHP Justin Moye
Batting: RHB Eliezer Frias 0-0: Foul Ball, location: 9LMF
0-1: Ball
1-1: Foul Ball, location: 23F
1-2: Strikes out swinging
Batting: RHB Jose Sanchez 0-0: Ball
1-0: Ball
2-0: Swinging Strike
2-1: SINGLE (Line Drive, 8RS, EV 92.5 MPH)
Batting: RHB Pedro Jimenez 0-0: DOUBLE (Line Drive, 78D, EV 104.4 MPH)
Jose Sanchez to third
Runner from 3rd tries for Home, SAFE, throw by CF to home
Batting: RHB Lloyd Hallamore 0-0: Foul Ball, location: 2F
0-1: Ball
1-1: Fly out, F9 (Flyball, 9, EV 89.4 MPH)
Runner from 2nd tags up, SAFE at 3rd with throw by RF
Batting: LHB Andres Lopez 0-0: Ball
1-0: Called Strike
1-1: SINGLE (Groundball, 2R, EV 70.0 MPH) (infield hit)
Pedro Jimenez scores
Batting: RHB Dale Norvell 0-0: Ball
1-0: 2-RUN HOME RUN (Line Drive, 7LD, EV 98.1 MPH), Distance : 378 ft
Batting: RHB Aaron Rego 0-0: Ball
1-0: Ground out 6-3 (Groundball, 6S, EV 83.1 MPH)
Top of the 5th over - 4 runs, 4 hits, 0 errors, 0 left on base; Norfolk 4 - Louisville 4
BOTTOM OF THE 5TH
Louisville Bats batting - Pitching for Norfolk Tides : RHP Aaron Hayhurst
Batting: RHB Josh Bowers 0-0: Ball
1-0: Ground out 6-3 (Groundball, 6D, EV 109.4 MPH)
Batting: LHB John Small 0-0: Called Strike
0-1: Ball
1-1: Ball
2-1: Ball
3-1: Foul Ball, location: 3FF
3-2: Base on Balls
Batting: RHB Josh Simms 0-0: Ball
1-0: Called Strike
1-1: Called Strike
1-2: Strikes out swinging
Batting: LHB Jonathan Phillips 0-0: Ball
1-0: Called Strike
1-1: Ball
2-1: Ball
3-1: Base on Balls
John Small to second
Batting: RHB Walt McGraw 0-0: Ball
1-0: Ball
2-0: Foul Ball, location: 5F
2-1: Ground out 3-1 (Groundball, 34S, EV 105.0 MPH)
Bottom of the 5th over - 0 runs, 0 hits, 0 errors, 2 left on base; Norfolk 4 - Louisville 4
TOP OF THE 6TH
Norfolk Tides batting - Pitching for Louisville Bats : LHP Justin Moye
Batting: LHB Kevin Traynham 0-0: Ball
1-0: Ball
2-0: Called Strike
2-1: Fly out, F8 (Flyball, 8LXD, EV 103.8 MPH)
Batting: RHB Tom Swierczewski 0-0: Ground out 6-3 (Groundball, 6, EV 81.9 MPH)
Batting: RHB Eliezer Frias 0-0: Ball
1-0: Called Strike
1-1: Ball
2-1: Foul Ball, location: 9LMF
2-2: Fly out, F5 (Flyball, 5D, EV 98.8 MPH)
Top of the 6th over - 0 runs, 0 hits, 0 errors, 0 left on base; Norfolk 4 - Louisville 4
BOTTOM OF THE 6TH
Louisville Bats batting - Pitching for Norfolk Tides : RHP Aaron Hayhurst
Batting: RHB Archie Woodford 0-0: DOUBLE (Flyball, 8RXD, EV 100.0 MPH)
Batting: RHB Ricky Correa 0-0: Ball
1-0: Foul Ball, location: 2F
1-1: Swinging Strike
1-2: Ball
Wild Pitch!
Archie Woodford to third
2-2: Strikes out looking
Batting: RHB Preston Phillips 0-0: Ball
1-0: Ball
2-0: Called Strike
2-1: Fielders Choice at home, 6-2 (Groundball, 6, EV 75.6 MPH)
Batting: LHB Juan Ortega 0-0: DOUBLE (Line Drive, 9LM, EV 108.8 MPH)
Preston Phillips to third
Batting: RHB Josh Bowers 0-0: DOUBLE (Flyball, 89XD, EV 111.9 MPH)
Preston Phillips scores
Juan Ortega scores
Pitching: LHP Mike Brown
Batting: LHB John Small 0-0: Ball
1-0: Foul Ball, location: 23F
1-1: Ball
2-1: Called Strike
2-2: Strikes out looking
Bottom of the 6th over - 2 runs, 3 hits, 0 errors, 1 left on base; Norfolk 4 - Louisville 6
TOP OF THE 7TH
Norfolk Tides batting - Pitching for Louisville Bats : LHP Justin Moye
Batting: RHB Jose Sanchez 0-0: Foul Ball, location: 2F
0-1: Foul Ball, location: 2LF
0-2: Ball
1-2: Foul Ball, location: 2F
1-2: Ball
2-2: Foul Ball, location: 9LMF
2-2: Strikes out swinging
Batting: RHB Pedro Jimenez 0-0: Ground out 6-3 (Groundball, 6, EV 100.0 MPH)
Batting: RHB Lloyd Hallamore 0-0: Called Strike
0-1: Foul Ball, location: 5FF
0-2: Ball
1-2: Ball
2-2: Foul Ball, location: 9LDF
2-2: Ball
3-2: Fly out, F8 (Flyball, 8LM, EV 77.5 MPH)
Top of the 7th over - 0 runs, 0 hits, 0 errors, 0 left on base; Norfolk 4 - Louisville 6
BOTTOM OF THE 7TH
Louisville Bats batting - Pitching for Norfolk Tides : LHP Mike Brown
Batting: RHB Josh Simms 0-0: Ball
1-0: Called Strike
1-1: Ball
2-1: Foul Ball, location: 2F
2-2: Strikes out swinging
Batting: LHB Jonathan Phillips 0-0: Called Strike
0-1: Ball
1-1: Reached on error, E4 (Groundball, 4MD, EV 97.5 MPH)
Batting: RHB Walt McGraw 0-0: Intentional Walk
Batting: RHB Archie Woodford 0-0: Swinging Strike
0-1: Fly out, F7 (Flyball, 78M, EV 86.3 MPH)
Batting: RHB Ricky Correa 0-0: Hit by Pitch
Jonathan Phillips to third
Walt McGraw to second
Batting: RHB Preston Phillips 0-0: Ball
1-0: Ball
2-0: Ball
3-0: Called Strike
3-1: Base on Balls
Jonathan Phillips scores
Walt McGraw to third
Ricky Correa to second
Batting: LHB Juan Ortega 0-0: Called Strike
0-1: Swinging Strike
0-2: Foul Ball, location: 7LSF
0-2: Ball
1-2: Ball
2-2: Strikes out looking
Bottom of the 7th over - 1 run, 0 hits, 1 error, 3 left on base; Norfolk 4 - Louisville 7
TOP OF THE 8TH
Norfolk Tides batting - Pitching for Louisville Bats : LHP Justin Moye
Now at 2B: Preston Phillips
Now at 3B: Manny Hernandes
Now in LF: Ryan Thomas
Pinch Hitting: RHB Evan Keaton 0-0: Ball
1-0: Swinging Strike
1-1: Ball
2-1: SINGLE (Line Drive, 6M, EV 110.0 MPH)
Batting: RHB Dale Norvell 0-0: Ball
1-0: Called Strike
1-1: Swinging Strike
1-2: DOUBLE (Line Drive, 89XD, EV 105.6 MPH)
Evan Keaton to third
Pitching: RHP Alex Barrera
Pinch Hitting: SHB Jarrett Crawford 0-0: Foul Ball, location: 2F
0-1: Ball
1-1: Ball
2-1: Ball
3-1: Base on Balls
Batting: LHB Kevin Traynham 0-0: Fly out, F7 (Flyball, 78D, EV 88.1 MPH)
Runner from 3rd tags up, SCORES, throw by LF
Pinch Hitting: SHB Mike Mynhier 0-0: Called Strike
0-1: Called Strike
0-2: Ground out 5-3 (Groundball, 56S, EV 67.5 MPH)
Dale Norvell to third
Jarrett Crawford to second
Batting: RHB Eliezer Frias 0-0: Ball
1-0: Ball
2-0: Ball
3-0: Called Strike
3-1: Base on Balls
Pinch Hitting: LHB Steve Turek 0-0: Foul Ball, location: 2LF
0-1: Swinging Strike
0-2: Ball
1-2: Ball
2-2: Ball
3-2: Base on Balls
Dale Norvell scores
Jarrett Crawford to third
Eliezer Frias to second
Batting: RHB Pedro Jimenez 0-0: DOUBLE (Flyball, 8RXD, EV 100.0 MPH)
Jarrett Crawford scores
Eliezer Frias scores
Steve Turek to third
Runner from 3rd tries for Home, SAFE, throw by CF to home
Batting: RHB Lloyd Hallamore 0-0: Called Strike
0-1: Ball
Wild Pitch!
Pedro Jimenez to third
1-1: Ball
2-1: Foul Ball, location: 7LSF
2-2: Strikes out swinging
Top of the 8th over - 5 runs, 3 hits, 0 errors, 1 left on base; Norfolk 9 - Louisville 7
BOTTOM OF THE 8TH
Louisville Bats batting - Pitching for Norfolk Tides : LHP Mike Brown
Now at C: Jared Maske
Now at 1B: Mike Mynhier
Now at 2B: Jarrett Crawford
Now in LF: Steve Turek
Now in RF: Julio Elorza
Batting: RHB Josh Bowers 0-0: Ball
1-0: Swinging Strike
1-1: Ball
2-1: Ground out 6-3 (Groundball, 6, EV 98.1 MPH)
Pinch Hitting: RHB Rodolfo Gutierrez 0-0: Ball
1-0: Swinging Strike
1-1: Swinging Strike
1-2: Foul Ball, location: 23FF
1-2: Strikes out swinging, 2-3 out at first.
Batting: RHB Josh Simms 0-0: Swinging Strike
0-1: Foul Ball, location: 7LMF
0-2: Ball
1-2: Foul Ball, location: 2F
1-2: Strikes out swinging
Bottom of the 8th over - 0 runs, 0 hits, 0 errors, 0 left on base; Norfolk 9 - Louisville 7
TOP OF THE 9TH
Norfolk Tides batting - Pitching for Louisville Bats : RHP Alex Barrera
Now at 1B: Rodolfo Gutierrez
Batting: RHB Jared Maske 0-0: Ball
1-0: Foul Ball, location: 2F
1-1: DOUBLE (Flyball, 89D, EV 98.8 MPH)
Batting: RHB Dale Norvell 0-0: Ball
1-0: Ball
2-0: Fly out, F7 (Flyball, 78M, EV 91.9 MPH)
Batting: SHB Jarrett Crawford 0-0: DOUBLE (Line Drive, 78D, EV 104.4 MPH)
Jared Maske scores
Pitching: LHP Craig Wilson
Batting: LHB Julio Elorza 0-0: Called Strike
0-1: DOUBLE (Line Drive, 78XD, EV 103.1 MPH)
Jarrett Crawford scores
Batting: SHB Mike Mynhier 0-0: Called Strike
0-1: Ball
1-1: Foul Ball, location: 2F
1-2: Strikes out looking
Batting: RHB Eliezer Frias 0-0: Called Strike
0-1: Ground out 5-3 (Groundball, 5S, EV 69.4 MPH)
Top of the 9th over - 2 runs, 3 hits, 0 errors, 1 left on base; Norfolk 11 - Louisville 7
BOTTOM OF THE 9TH
Louisville Bats batting - Pitching for Norfolk Tides : LHP Mike Brown
Batting: LHB Jonathan Phillips 0-0: Swinging Strike
0-1: Ball
1-1: Called Strike
1-2: Ball
2-2: Ball
3-2: Fly out, F8 (Flyball, 8LD, EV 86.9 MPH)
Batting: RHB Manny Hernandes 0-0: SINGLE (Groundball, 34D, EV 95.0 MPH)
Batting: RHB Archie Woodford 0-0: Swinging Strike
0-1: Ball
1-1: Grounds into double play, 4-6-3 (Groundball, 4, EV 87.5 MPH)
Bottom of the 9th over - 0 runs, 1 hit, 0 errors, 0 left on base; Norfolk 11 - Louisville 7
Sunday, April 7th , 2024 - OOTP Baseball 24.11 Build 85